 Dungeon Crawl Stone Soup version 0.30-a0-329-g85436e0a43 (webtiles) character file.

Game seed: 14350949692874179829

224 purpskrrrp the Conjurer (level 6, -3/34 (37) HPs)
             Began as a Tengu Reaver on Oct 27, 2022.
             Was an Initiate of Hepliaklqana.
             Slain by an iguana (11 damage)
             ... on level 4 of the Dungeon on Oct 28, 2022.
             The game lasted 00:05:47 (2455 turns).

purpskrrrp the Conjurer (Tengu Reaver)              Turns: 2455, Time: 00:05:48

HP:   -3/34 (37)    AC:  4    Str: 14    XL:     6   Next: 0%
MP:   9/11          EV: 14    Int: 14    God:    Hepliaklqana [......]
Gold: 81            SH:  0    Dex: 12    Spells: 9/10 levels left

rFire   . . .      SeeInvis .    a - +0 falchion
rCold   . . .      Faith    .    (no shield)
rNeg    . . .      Spirit   .    b - +1 leather armour
rPois   .          Reflect  .    (helmet restricted)
rElec   .          Harm     .    (no cloak)
rCorr   .          Rampage  .    (no gloves)
Will    .....                    (boots unavailable)
Stlth   +.........               e - amulet of regeneration
HPRegen 1.05/turn                (no ring)
MPRegen 0.12/turn                (no ring)

@: flying quickly and evasively, drained, quick
A: beak, talons 3, nimble flight
a: Renounce Religion


You were on level 4 of the Dungeon.
You worshipped Hepliaklqana.
Hepliaklqana was noncommittal.
You visited 1 branch of the dungeon, and saw 4 of its levels.

You collected 81 gold pieces.

Inventory:

Hand Weapons
 a - a +0 falchion (weapon)
Missiles
 n - 2 throwing nets
Armour
 b - a +1 leather armour (worn)
 i - a +0 leather armour
Jewellery
 e - an amulet of regeneration (around neck)
 k - an amulet of magic regeneration
Scrolls
 d - 2 scrolls of teleportation
Potions
 c - a potion of curing
 f - 2 potions of brilliance {unknown}
 g - 2 potions of ambrosia {unknown}
 h - 2 potions of degeneration {unknown}
 l - 2 potions of heal wounds {unknown}
 o - a potion of flight {unknown}


   Skills:
 + Level 3.2 Fighting
 * Level 4.4 Long Blades
 + Level 3.4 Dodging
 - Level 2.8 Spellcasting
 + Level 5.1 Conjurations


You had 9 spell levels left.
You knew the following spells:

 Your Spells              Type           Power      Damage    Failure   Level
a - Kiss of Death         Conj/Necr      36%        2d8       10%         1

Your spell library contained the following spells:

 Spells                   Type           Power      Damage    Failure   Level
 Momentum Strike          Conj/Tloc      18%        3d8       14%         2
 Hailstorm                Conj/Ice       9%         3d4       28%         3
 Ensorcelled Hibernation  Hex/Ice        4%         N/A       38%         2
 Passwall                 Tmut/Erth      1%         N/A       38%         2
 Inner Flame              Hex/Fire       2%         N/A       63%         3
 Ozocubu's Armour         Ice            2%         N/A       63%         3
 Summon Guardian Golem    Hex/Summ       2%         N/A       63%         3
 Swiftness                Air            2%         N/A       63%         3
 Flame Wave               Conj/Fire      9%         2d6       67%         4
 Sticky Flame             Conj/Fire      9%         2d3       67%         4
 Orb of Destruction       Conj           8%         9d6       100%        7
 Ozocubu's Refrigeration  Ice            1%         4d7       100%        7
 Spellforged Servitor     Conj/Summ      4%         N/A       100%        7


Dungeon Overview and Level Annotations

Branches:
Dungeon (4/15)
 Temple: D:4-7

Altars:
Ashenzari
Fedhas
Hepliaklqana

Shops:
D:3 :?=!


Innate Abilities, Weirdness & Mutations

You have a beak for a mouth.
You have claws for feet.
Your magical nature lets you fly swiftly and evasively.


Message History

You peck the iguana, but do no damage.
The iguana is lightly wounded.
The iguana bites you! The jelly hits you but does no damage.
You hit the iguana. You peck the iguana, but do no damage.
The iguana is moderately wounded.
The iguana misses you. The jelly hits you.
You are splashed with acid!
You are too injured to fight recklessly!
You are too injured to fight recklessly!
You are too injured to fight recklessly!
You are too injured to fight recklessly!
You are too injured to fight recklessly!
You are too injured to fight recklessly!
You are too injured to fight recklessly!
You are too injured to fight recklessly!
You are too injured to fight recklessly!
You are too injured to fight recklessly!
You are too injured to fight recklessly!
You are too injured to fight recklessly!
You are too injured to fight recklessly!
You are too injured to fight recklessly!
Casting: Kiss of Death (safe; 10% risk of failure)
Confirm with . or Enter, or press ? or * to list all spells.
Aiming: Kiss of Death (safe; 10% risk of failure)
Press: ? - help, Shift-Dir - straight line, f - jelly
Aim: a jelly (100% to hit)
The negative energy hits the jelly!
The jelly is drained!
You kill the jelly!
You feel drained. The iguana bites you!
* * * LOW HITPOINT WARNING * * *
You have reached level 6!
You feel better. The iguana misses you.
Hit: a) +0 falchion
Press: ? - help, Dir - move target, f - iguana
Aim: an iguana (moderately wounded, about 36% to evade your +0 falchion)
You slash the iguana! Your peck misses the iguana.
The iguana is severely wounded.
The iguana bites you.
* * * LOW HITPOINT WARNING * * *
The iguana bites you!
You die...

... # #.. #.#.#
#.#<#
#..<#######..
##..........#
.......##.########
#......#..........
#......#.†@.?.....
...)...#...l......
#......#..........
#####.............
####..........
#..........
#.$........
#..........


You could see an iguana.

Vanquished Creatures
  A phantom (D:2)
  A jelly (D:4)
  An iguana (D:3)
  3 adders
  A worm (D:2)
  An orc (D:3)
  6 ball pythons
  A bat (D:1)
  4 endoplasms
  2 giant cockroaches (D:1)
  4 goblins
  5 hobgoblins
  9 jackals
  6 quokkas
  3 frilled lizards
  4 kobolds
  4 rats
56 creatures vanquished.

Notes
Turn   | Place    | Note
-------+----------+-------------------------------------------
     0 | D:1      | purpskrrrp the Tengu Reaver began the quest for the Orb.
     0 | D:1      | Reached XP level 1. HP: 12/12 MP: 4/4
   354 | D:1      | Reached XP level 2. HP: 15/15 MP: 6/6
   732 | D:1      | Upgraded the game from 0.30-a0-322-g102857c98e to
                  | 0.30-a0-329-g85436e0a43
   838 | D:1      | Reached XP level 3. HP: 20/21 MP: 7/7
   971 | D:2      | Noticed a phantom
   986 | D:2      | Killed a phantom
   987 | D:2      | Reached XP level 4. HP: 26/27 MP: 7/9
  1186 | D:2      | Found a hazy altar of Hepliaklqana.
  1201 | D:2      | Gained mutation: Your magical nature lets you fly swiftly
                  | and evasively. [Tengu growth]
  1201 | D:2      | Reached XP level 5. HP: 32/32 MP: 10/10
  1211 | D:2      | Became a worshipper of Hepliaklqana the Forgotten
  1668 | D:3      | Reached skill level 5 in Conjurations
  1690 | D:3      | Found Zybuidgh's Distillery.
  1736 | D:3      | Found Rongiq's Jewellery Boutique.
  1779 | D:3      | Found Ziror's Magic Scroll Boutique.
  1914 | D:3      | Found Lugeastrasi's Book Boutique.
  2122 | D:3      | Found a blossoming altar of Fedhas.
  2122 | D:3      | Found a broken altar of Ashenzari.
  2454 | D:4      | Reached XP level 6. HP: 3/34 MP: 9/11
  2455 | D:4      | Slain by an iguana

Illustrated notes

Levels and vault maps discovered:
D:1:      dpeg_arrival_connections, layout_loops_corners
D:2:      layout_loops_ring, basic_altar
D:3:      layout_rooms, gammafunk_temple_overflow_wave, serial_shops, shop,
          nicolae_shop_trees, nicolae_shop_hallway_stairs, shop,
          minmay_hedge_maze, st_stairs_5
D:4:      layout_rooms, nicolae_elyvilon_temple_path,
          nemelex_xobeh_ov_fountains_minmay, chequers_serial_rivers_large_b,
          minmay_misc_feat_cross

Skill      XL: |  1  2  3  4  5 |
---------------+----------------+-----
Long Blades    | 4 |  4.4
Dodging        | 3 |  3.4
Conjurations   | 5 |  5.1
Fighting       | 3 |  3.2
Spellcasting   | |  2.8

Action                   |  1- 3 |  4- 6 || total
-------------------------+-------+-------++-------
Melee: Falchion          |    69 |    80 ||   149
       Kick              |    18 |    24 ||    42
       Peck              |    14 |    16 ||    30
       Punch             |     1 |       ||     1
 Cast: Kiss of Death     |     1 |     1 ||     2
  Use: Scroll            |     2 |     8 ||    10
       Potion            |       |     1 ||     1
 Stab: Sleeping          |       |     1 ||     1
Armor: Leather armour    |    17 |    21 ||    38
Dodge: Dodged            |    31 |    59 ||    90

Table legend: (Time is in decaauts)
 A = Elapsed time spent in this place.
 B = Non-inter-level travel time spent in this place.
 C = Inter-level travel time spent in this place.
 D = Time resting spent in this place.
 E = Time spent auto-exploring this place.
 F = Levels seen in this place.
 G = Mean time per level.
                   A        B        C        D        E       F      G
               +--------+--------+--------+--------+--------+-----+--------+
         Total |   2377 |   2276 |    101 |    280 |   1611 |   4 |  594.2 |
       Dungeon |   2377 |   2276 |    101 |    280 |   1611 |   4 |  594.2 |
               +--------+--------+--------+--------+--------+-----+--------+

Top non-repeatable levels by time:
     D:1: 970 daAuts
     D:3: 735 daAuts
     D:2: 659 daAuts
     D:4: 12 daAuts
